 Dungeon Crawl Stone Soup version 0.29.0-11-gd7f09526c8 (webtiles) character file.

Game seed: 2137575922580537460

1543 Zeldest the Summoner (level 8, -18/70 (73) HPs)
             Began as a Naga Summoner on Sept 6, 2022.
             Was an Initiate of Cheibriados.
             Killed from afar by Maggie (35 damage)
             ... with a bolt of fire
             ... on level 6 of the Dungeon.
             The game lasted 00:23:56 (2315 turns).

Zeldest the Summoner (Naga Summoner)                Turns: 2315, Time: 00:23:56

HP:   -18/70 (73)   AC:  6    Str: 11    XL:     8   Next: 87%
MP:   8/16          EV: 10    Int: 19    God:    Cheibriados [......]
Gold: 253           SH:  0    Dex: 13    Spells: 8/17 levels left

rFire   . . .      SeeInvis +   m - +1 flail (protect)
rCold   . . .      Faith    .   (no shield)
rNeg    . . .      Spirit   .   a - +0 robe
rPois   +          Reflect  .   l - +1 helmet
rElec   .          Harm     .   d - +0 cloak
rCorr   .          Rampage  .   (no gloves)
Will    +....                   (no barding)
Stlth   ++........              (no amulet)
HPRegen 0.21/turn               (no ring)
MPRegen 0.15/turn               (no ring)

@: mesmerised, lightly drained, very slow
A: AC +2, large, see invisible, deformed body, poison resistance, slowness 2,
spit poison 1, naga tail 1
a: Spit Poison, Renounce Religion


You were on level 6 of the Dungeon.
You worshipped Cheibriados.
Cheibriados was noncommittal.
You visited 2 branches of the dungeon, and saw 7 of its levels.

You collected 253 gold pieces.

Inventory:

Hand Weapons
 e - a +0 dagger of freezing
 m - a +1 flail of protection (weapon)
Armour
 a - a +0 robe (worn)
 d - a +0 cloak (worn)
 l - a +1 helmet (worn)
Wands
 s - a wand of flame (23)
Scrolls
 b - 2 scrolls of poison {unknown}
 c - 3 scrolls of teleportation
 f - 2 scrolls of noise
 g - a scroll of fog
 h - 2 scrolls of fear {unknown}
 i - 3 scrolls of brand weapon
 j - 2 scrolls of summoning
 n - a scroll of acquirement {unknown}
 o - a scroll of enchant armour {unknown}
 q - a scroll of magic mapping {unknown}
Potions
 k - a potion of brilliance
 r - 2 potions of flight {unknown}


   Skills:
 - Level 4.5 Fighting
 - Level 1.5 Dodging
 - Level 3.0 Stealth
 + Level 5.3 Spellcasting
 * Level 2.8 Conjurations
 * Level 8.3 Summonings
 + Level 1.2 Invocations


You had 8 spell levels left.
You knew the following spells:

 Your Spells              Type           Power      Damage    Failure   Level
a - Call Imp              Summ           36%        N/A       1%          2
b - Summon Small Mammal   Summ           100%       N/A       1%          1
c - Call Canine Familiar  Summ           36%        N/A       1%          3
d - Summon Guardian Gole  Hex/Summ       20%        N/A       7%          3

Your spell library contained the following spells:

 Spells                   Type           Power      Damage    Failure   Level
 Apportation              Tloc           10%        N/A       12%         1
 Necrotise                Necr           20%        1d5       12%         1
 Poisonous Vapours        Pois/Air       10%        N/A       19%         2
 Conjure Flame            Conj/Fire      10%        6-21      21%         3
 Summon Lightning Spire   Summ/Air       20%        N/A       22%         4
 Ignite Poison            Fire/Tmut/Pois 5%         N/A       34%         3
 Sticky Flame             Conj/Fire      10%        2d3       56%         4
 Corpse Rot               Necr/Pois/Air  5%         N/A       75%         4
 Orb of Destruction       Conj           7%         9d6       100%        7
 Spellforged Servitor     Conj/Summ      13%        N/A       100%        7


Dungeon Overview and Level Annotations

Branches:
Dungeon (6/15) Zot: 40235  Temple (1/1) D:6 Zot: 8911

Altars:
Ashenzari
Cheibriados
Elyvilon
Fedhas
Gozag
Kikubaaqudgha
Makhleb
Nemelex Xobeh
Qazlal
Trog
Xom
Yredelemnul
Zin

Shops:
D:1 *   D:3 [?(:

Annotations:
D:3 1 runed translucent door, Grinder; smilodon's ghost, weakling DsFi
D:4 2 transporters, BuzzyBeetle's ghost, amateur DEIE
D:6 Maggie


Innate Abilities, Weirdness & Mutations

Your serpentine skin is tough. (AC +2)
You have supernaturally acute eyesight. (SInv)
Armour fits poorly on your strangely shaped body.
Your system is resistant to poisons. (rPois)
You cover ground very slowly.
You can spit poison.
You have a snake-like lower body.


Message History

Flame seeps out of your guardian golem.
Your guardian golem is engulfed in blazing flames.
Your guardian golem disappears in a puff of smoke!
Your guardian golem explodes!
The fiery explosion engulfs you!!!
Ouch! That really hurt!
The fiery explosion engulfs your hound!!!
Your hound dies!
Your hound's corpse disappears in a puff of smoke!
The fiery explosion engulfs your iron imp.
Your iron imp completely resists.
The fiery explosion engulfs Maggie!!
You hear a shout!
Your Invocations skill increases to level 1!
You cannot move away from Maggie!
Aiming: Throw Flame
Press: ? - help, Shift-Dir - straight line, f - Maggie
Aim: Maggie, wielding a +2 long sword of draining and wearing +0 acid dragon scales (flame, moderately wounded, mesmerising, ally target, 68% to hit)
The puff of flame misses Maggie.
Maggie is engulfed in blazing flames.
Your iron imp hits Maggie but does no damage.
You closely miss Maggie.
Maggie is heavily wounded.
Maggie is engulfed in blazing flames.
Maggie hits you with a +2 long sword of draining!
* * * LOW HITPOINT WARNING * * *
You feel drained.
Your iron imp barely misses Maggie.
Maggie is engulfed in blazing flames.
Maggie gestures at you while chanting. The bolt of fire hits you!
* * * LOW HITPOINT WARNING * * *
You feel better.
Maggie hits you with a +2 long sword of draining!
* * * LOW HITPOINT WARNING * * *
You feel drained.
Your iron imp barely misses Maggie.
You feel better.
You hear the brisk hiss of an avalanche of sand very nearby.
Maggie casts a spell at you. The bolt of fire hits you!!
Ouch! That really hurt!
You die...

.....8.........#§........
...............##'###...
8888}888..........#
888.888..........#
.................#
#......#.........#
+......#<........#
#......#.........#
#......#....@§§..#
###....#....§@5..#
#....#.....§☼..#
#.........# +...........
#............
#............
.............


You could see Maggie (mesmerising, ally target) and a friendly iron imp
(summoned).

Vanquished Creatures
  Sigmund (D:3)
  Pargi (D:4)
  2 ice beasts
  A phantom (D:5)
  A bullfrog (D:5)
  A necrophage (D:4)
  A hound (D:4)
  A jelly (D:5)
  2 orc priests (D:3)
  Ijyb (D:4)
  2 iguanas (D:5)
  An orc wizard (D:5)
  An adder (D:2)
  5 orcs
  A bat (D:1)
  2 endoplasms (D:4)
  2 giant cockroaches
  2 goblins (D:1)
  4 hobgoblins
  2 jackals (D:1)
  2 kobolds
  2 ball pythons
  2 rats (D:2)
40 creatures vanquished.

Vanquished Creatures (collateral kills)
  A water moccasin (D:6)
  Duvessa (D:6)
  Edmund (D:4)
  A phantom (D:2)
  A necrophage (D:5)
  Dowan (D:6)
  A howler monkey (D:5)
  An orc wizard (D:3)
  5 adders
  2 worms (D:2)
  3 dart slugs
  7 orcs
  3 bats
  An endoplasm (D:4)
  2 giant cockroaches (D:4)
  6 goblins
  5 hobgoblins
  4 jackals
  4 ball pythons
  A frilled lizard (D:2)
  A kobold (D:2)
  A rat (D:1)
53 creatures vanquished.

Grand Total: 93 creatures vanquished

Notes
Turn   | Place    | Note
-------+----------+-------------------------------------------
     0 | D:1      | Zeldest the Naga Summoner began the quest for the Orb.
     0 | D:1      | Reached XP level 1. HP: 15/15 MP: 3/3
    95 | D:1      | Reached XP level 2. HP: 13/22 MP: 1/5
   101 | D:1      | Learned a level 2 spell: Call Imp
   254 | D:1      | Found Archyseck's General Store.
   408 | D:2      | Reached XP level 3. HP: 20/28 MP: 2/7
   526 | D:2      | Noticed a phantom
   548 | D:2      | Killed a phantom
   549 | D:2      | Reached skill level 5 in Summonings
   549 | D:2      | Reached XP level 4. HP: 5/36 MP: 3/9
   549 | D:2      | Reached XP level 5. HP: 6/42 MP: 3/10
   662 | D:2      | Found a stormy altar of Qazlal.
   805 | D:3      | Learned a level 3 spell: Call Canine Familiar
   812 | D:3      | Found Jyighim's Antique Armour Shoppe.
   871 | D:3      | Found Calasus's Antique Weapon Shoppe.
   886 | D:3      | Found Fyhained's Magic Scroll Shop.
   907 | D:3      | Noticed Grinder
  1068 | D:4      | Noticed Edmund
  1079 | D:4      | Found a burning altar of Makhleb.
  1082 | D:4      | Noticed Pargi
  1098 | D:4      | Killed Pargi
  1099 | D:4      | Reached XP level 6. HP: 24/49 MP: 7/12
  1128 | D:4      | Reached skill level 6 in Summonings
  1133 | D:4      | Noticed Ijyb
  1142 | D:4      | Killed Ijyb
  1275 | D:4      | Killed Edmund
  1276 | D:4      | Reached skill level 1 in Fighting
  1276 | D:4      | Reached XP level 7. HP: 47/57 MP: 3/14
  1348 | D:3      | Found Qocwooh's Book Shoppe.
  1364 | D:3      | Reached skill level 5 in Spellcasting
  1454 | D:3      | Found a runed translucent door.
  1454 | D:3      | Noticed smilodon's ghost (weakling DsFi)
  1477 | D:3      | Noticed Sigmund
  1486 | D:3      | Killed Sigmund
  1487 | D:3      | Reached skill level 7 in Summonings
  1509 | D:3      | Learned a level 3 spell: Summon Guardian Golem
  1573 | D:4      | Found a glowing silver altar of Zin.
  1612 | D:4      | Found a transporter.
  1619 | D:4      | Noticed BuzzyBeetle's ghost (amateur DEIE)
  1653 | D:4      | Found a transporter.
  1702 | D:5      | Entered Level 5 of the Dungeon
  1779 | D:5      | Reached XP level 8. HP: 61/69 MP: 5/15
  2070 | D:5      | Reached skill level 1 in Conjurations
  2125 | D:6      | Reached skill level 8 in Summonings
  2141 | D:6      | Found a staircase to the Ecumenical Temple.
  2145 | D:6      | Noticed Duvessa
  2146 | D:6      | Noticed Dowan
  2149 | Temple   | Entered the Ecumenical Temple
  2167 | Temple   | Became a worshipper of Cheibriados the Contemplative
  2197 | D:6      | Killed Duvessa
  2209 | D:6      | Killed Dowan
  2302 | D:6      | Noticed Maggie
  2312 | D:6      | Reached skill level 1 in Invocations
  2315 | D:6      | Killed from afar by Maggie

Illustrated notes

Levels and vault maps discovered:
D:1:      minmay_arrival_open_corners, layout_loops_cross,
          dreamdust_ecumenical_altar_statues, serial_shops,
          nicolae_shop_crystal, minmay_misc_feat_cross
D:2:      layout_loops_ring, serial_shops, shop, basic_altar
D:3:      layout_basic, nicolae_ru_the_path_less_chosen,
          okawaru_altar_gauntlet_db, serial_shops, shop,
          nicolae_shop_behind_doors, nicolae_shop_behind_doors, shop, shop,
          gammafunk_ghost_grave, uniq_sigmund, uniq_grinder
D:4:      layout_loops_cross, mainiacjoe_overflow_brackets,
          mainiacjoe_overflow_concentric_impassable, gammafunk_ghost_mausoleum,
          nicolae_kite_square_tiling_tiny, uniq_edmund, uniq_ijyb, uniq_pargi
D:5:      layout_basic, serial_co_window_serial, co_window_paths_b,
          co_window_of_opportunity_a, co_window_paths_a, co_window_paths_b,
          co_window_paths_a, co_window_corner_ca, co_window_of_opportunity_c,
          co_window_2corner, co_window_corner_b, co_window_corner_b,
          co_window_paths_e, glass_columns_c, glass_columns_b, glass_columns_a
D:6:      layout_gridville, minmay_temple_entry_purple_smoke, enter_ossuary_5,
          hellmonk_bongcloud_opening, chequers_serial_rivers_micro_e,
          minmay_fire_ice_demons, uniq_duvessa, uniq_eustachio, uniq_maggie
Temple:   chequers_temple_sunken

Skill      XL: |  1  2  3  4  5  6  7  8 |
---------------+-------------------------+-----
Spellcasting   | 3 4 5 |  5.3
Summonings     | 5 6 7 8 |  8.3
Fighting       | 1 3 4 |  4.5
Conjurations   | 2 |  2.8
Invocations    | 1 |  1.2
Dodging        | |  1.5
Stealth        | |  3.0

Action                   |  1- 3 |  4- 6 |  7- 9 || total
-------------------------+-------+-------+-------++-------
Melee: Dagger            |    35 |    31 |       ||    66
       Unarmed           |       |     2 |       ||     2
       Punch             |       |     1 |     1 ||     2
       Flail             |       |       |    78 ||    78
 Cast: Summon Small Mamm |    16 |    12 |    19 ||    47
       Call Imp          |     8 |    14 |    24 ||    46
       Call Canine Famil |       |    11 |    15 ||    26
       Summon Guardian G |       |       |     7 ||     7
 Abil: Spit Poison       |    14 |    16 |     6 ||    36
Evoke: Wand              |       |       |     5 ||     5
  Use: Scroll            |       |     6 |     1 ||     7
       Potion            |       |     2 |     2 ||     4
 Stab: Sleeping          |     1 |     1 |       ||     2
       Distracted        |       |     2 |     1 ||     3
Armor: Robe              |    23 |    18 |    51 ||    92
Dodge: Dodged            |    38 |    28 |    59 ||   125
